 Dungeon Crawl Stone Soup version 0.26-a0-812-g31a745ddcd (webtiles) character file.

Game seed: 16481590474277290109

6 kae the Insei (level 1, 0/12 HPs)
             Began as a Tengu Transmuter on Nov 23, 2020.
             Slain by a hobgoblin (3 damage)
             ... on level 1 of the Dungeon.
             The game lasted 00:00:13 (340 turns).

kae the Insei (Tengu Transmuter)                     Turns: 340, Time: 00:00:14

Health: 0/12       AC:  2    Str: 10    XL:     1   Next: 90%
Magic:  4/4        EV: 12    Int: 13    God:
Gold:   23         SH:  0    Dex: 14    Spells: 3/4 levels left

rFire    . . .     SeeInvis .     - Unarmed
rCold    . . .     Faith    .   (no shield)
rNeg     . . .     Spirit   .   a - +0 robe
rPois    .         Reflect  .   (helmet restricted)
rElec    .         Harm     .   (no cloak)
rCorr    .         Rampage  .   (no gloves)
MR       .....                  (boots unavailable)
Stlth    +.........             (no amulet)
HPRegen  0.04/turn              (no ring)
MPRegen  0.09/turn              (no ring)

@: no status effects
A: beak, talons 3
a: no special abilities


You were on level 1 of the Dungeon.
You visited 1 branch of the dungeon, and saw 1 of its levels.

You collected 23 gold pieces.

Inventory:

Armour
 a - a +0 robe (worn)
Scrolls
 b - a scroll of remove curse {unknown}


   Skills:
 + Level 1.1 Fighting
 + Level 0.2 Armour
 + Level 2.2 Dodging
 * Level 3.4 Unarmed Combat
 + Level 2.0 Spellcasting
 * Level 1.7 Transmutations


You had 3 spell levels left.
You knew the following spells:

 Your Spells              Type           Power        Failure   Level
a - Beastly Appendage     Tmut           #.....       12%         1

Your spell library contained the following spells:

 Spells                   Type           Power        Failure   Level
 Wereblood                Tmut           #.......     19%         2
 Spider Form              Tmut/Pois      #.........   47%         3
 Ice Form                 Ice/Tmut       #.......     87%         4
 Blade Hands              Tmut           #.........   98%         5


Dungeon Overview and Level Annotations

Branches:
Dungeon (1/15)

Altars:


Innate Abilities, Weirdness & Mutations

You have a beak for a mouth.
You have claws for feet.


Message History

The bat is heavily wounded.
The bat hits you. The goblin misses you. The goblin hits you with a +0 dagger.
You are too injured to fight recklessly!
You are too injured to fight recklessly!
You are too injured to fight recklessly!
You are too injured to fight recklessly!
You are too injured to fight recklessly!
You are too injured to fight recklessly!
The goblin hits you but does no damage. The bat closely misses you.
The bat barely misses you.
Found a white potion.
The bat barely misses you. The bat hits you.
* * * LOW HITPOINT WARNING * * *
You hit the bat.
You kill the bat!
You closely miss the goblin. You claw the goblin.
You kill the goblin!
Your horns disappear.
The hobgoblin hits you.
You die...

.....#....⌠.......#+#..........##
.....##...........#.#............
......#.....#.....#.#..........##
###.8.# .......................#
#...# ....!..........>#.....#
##### ................#.###.#
..............(.#.# ###
#.##......#.# . #@##...####.#
....##g##......#.#
.......g.....[..#.#
.#...)......>.....#
#....####......#.# ......
.......# # ...... ..........
..... ............ .....
............


You could see a hobgoblin and a goblin.

Vanquished Creatures
  2 bats (D:1)
  A goblin (D:1)
  2 kobolds (D:1)
  A rat (D:1)
6 creatures vanquished.

Notes
Turn   | Place    | Note
-------+----------+-------------------------------------------
     0 | D:1      | kae the Tengu Transmuter began the quest for the Orb.
     0 | D:1      | Reached XP level 1. HP: 12/12 MP: 4/4
   340 | D:1      | Slain by a hobgoblin

Illustrated notes

Levels and vault maps discovered:
D:1:      wander_arrival_estate, layout_basic, nrook_loot_triangle,
          minmay_misc_feat_doors

Action                   || total
-------------------------++-------
Melee: Unarmed           ||    14
       Kick              ||     4
       Peck              ||     2
       Headbutt          ||     1
       Punch             ||     1
 Cast: Beastly Appendage ||     5
Armor: Robe              ||     5
Dodge: Dodged            ||    10

Table legend: (Time is in decaauts)
 A = Elapsed time spent in this place.
 B = Non-inter-level travel time spent in this place.
 C = Inter-level travel time spent in this place.
 D = Time resting spent in this place.
 E = Time spent auto-exploring this place.
 F = Levels seen in this place.
 G = Mean time per level.
                   A        B        C        D        E       F      G
               +--------+--------+--------+--------+--------+-----+--------+
         Total |    339 |    339 |      0 |      0 |    289 |   1 |  339.0 |
       Dungeon |    339 |    339 |      0 |      0 |    289 |   1 |  339.0 |
               +--------+--------+--------+--------+--------+-----+--------+

Top non-repeatable levels by time:
     D:1: 339 daAuts
